 Dungeon Crawl Stone Soup version 0.26-a0-940-gf7e0b5f775 (webtiles) character file.

Game seed: 1732999673080412086

3405 pkoi the Grappler (level 9, -4/80 HPs)
             Began as a Troll Monk on Nov 28, 2020.
             Was a Priest of Makhleb.
             Slain by a hell rat (13 damage)
             ... on level 7 of the Dungeon.
             The game lasted 00:08:22 (6522 turns).

pkoi the Grappler (Troll Monk)                      Turns: 6522, Time: 00:08:23

Health: -4/80      AC:  7    Str: 22    XL:     9   Next: 75%
Magic:  0/12       EV: 10    Int:  8    God:    Makhleb [***...]
Gold:   82         SH:  0    Dex: 12    Spells: 8/8 levels left

rFire    . . .     SeeInvis .     - Unarmed
rCold    + . .     Faith    .   (no shield)
rNeg     . . .     Spirit   +   a - +0 robe
rPois    .         Reflect  .   (helmet restricted)
rElec    .         Harm     .   t - +0 cloak
rCorr    .         Rampage  .   (gloves unavailable)
MR       .....                  (boots unavailable)
Stlth    ++........             s - amulet of guardian spirit
HPRegen  0.63/turn              j - ring of wizardry
MPRegen  0.13/turn              k - ring of protection from cold

@: about to teleport
A: large, unfitting armour, claws 3, regeneration 1, shaggy fur 1, tough skin 3
a: Minor Destruction, Lesser Servant of Makhleb, Renounce Religion


You were on level 7 of the Dungeon.
You worshipped Makhleb.
Makhleb was most pleased with you.
You visited 2 branches of the dungeon, and saw 9 of its levels.

You collected 394 gold pieces.
You spent 312 gold pieces at shops.

Inventory:

Missiles
 r - 4 large rocks
Armour
 a - a +0 robe (worn)
 t - a +0 cloak (worn)
Jewellery
 b - a +6 ring of intelligence {unknown}
 j - a ring of wizardry (left claw)
 k - a ring of protection from cold (right claw)
 q - an uncursed ring of flight
 s - an amulet of guardian spirit (around neck)
Wands
 g - a wand of acid (15)
 i - a wand of enslavement (12)
 o - a wand of random effects (6)
 x - a wand of polymorph (8)
 y - a wand of digging (6)
Scrolls
 c - 9 scrolls of identify
 d - a scroll of teleportation
 f - 2 scrolls of remove curse
 h - 3 scrolls of fear
 l - a scroll of magic mapping
 n - 2 scrolls of enchant weapon
Potions
 e - 5 potions of heal wounds
 m - 3 potions of attraction
 p - 2 potions of mutation
 v - 5 potions of curing
 w - a potion of berserk rage


   Skills:
 - Level 2.4 Fighting
 + Level 5.7 Throwing
 - Level 2.4 Dodging
 - Level 1.0 Stealth
 + Level 8.2 Unarmed Combat
 + Level 6.3 Invocations
 - Level 5.0 Evocations


You had 8 spell levels left.
You didn't know any spells.
Your spell library contained the following spells:

 Spells                   Type           Power        Failure   Level
 Animate Skeleton         Necr           #.....       17%         1
 Magic Dart               Conj           #...         17%         1
 Pain                     Necr           #...         17%         1
 Blink                    Tloc           N/A          26%         2
 Call Imp                 Summ           #.......     26%         2
 Slow                     Hex            #.......     26%         2
 Conjure Flame            Conj/Fire      #.......     45%         3
 Mephitic Cloud           Conj/Pois/Air  #.......     45%         3
 Vampiric Draining        Necr           #.........   45%         3
 Animate Dead             Necr           #.........   83%         4
 Agony                    Necr           #.......     99%         5


Dungeon Overview and Level Annotations

Branches:
Dungeon (8/15)             Temple (1/1) D:6
   Lair: D:8-11

Altars:
Ashenzari
Cheibriados
Dithmenos
Elyvilon
Fedhas
Gozag
Hepliaklqana
Kikubaaqudgha
Makhleb
Nemelex Xobeh
Okawaru
Qazlal
Ru
Trog
Uskayaw
Vehumet
Wu Jian
Xom
Yredelemnul
Zin
The Shining One

Shops:
D:7 !


Innate Abilities, Weirdness & Mutations

You are too large for most types of armour.
You have claws for hands.
Your natural rate of healing is unusually fast.
You are covered in fur. (AC +1)
You have extremely tough skin. (AC +3)


Message History

The hell rat closely misses you. The death yak closely misses you.
The death yak gores you!! The death yak gores you!
The hell rat barely misses you.
There is a stone staircase leading up, spattered with blood here.
Unknown command.
You scratch the death yak.
The death yak is lightly wounded.
The death yak gores you!! The hell rat barely misses you.
The death yak snorts and paws the ground.
The death yak gores you.
* * * LOW HITPOINT WARNING * * *
You are too injured to fight recklessly!
The death yak barely misses you. The hell rat barely misses you.
The death yak gores you!
* * * LOW HITPOINT WARNING * * *
You climb upwards.
There is a stone staircase leading down, spattered with blood here.
As you read the scroll of teleportation, it crumbles to dust.
You feel strangely unstable. The hell rat bites you!
You die...

...##..# #.# ### ##########
#..##.># #.# #.# #.....##.#
#..##..## #.# #.# #####.##.#
#..##...# #.# ##.## #.##.#
#..##..## #.# ####...######.##.#
#..##..# ##.## #.............##.#
.......###...###.##...##.........
...<.......#....†Y...#..........#
#......###...###@###.#.#.##..####
####.).).......Yr##....#.##......
##..####............#.##.#####
#####..########...##.....##.#
.............##..(..........#
.####..#####<##.###......####
#.###..# #.##.# ##.#.....#
##.....## #.##.####.#.)...######
#.###...## #.##.#................


You could see 2 death yaks and a hell rat.

Vanquished Creatures
  Grinder (D:6)
  Eustachio (D:6)
  Edmund (D:4)
  2 black bears
  A sky beast (D:7)
  A phantom (D:5)
  An eye of draining (D:8)
  7 ogres
  A centaur (D:5)
  5 bullfrogs
  5 scorpions
  2 howler monkeys
  A jelly (D:7)
  A quasit (D:6)
  A hound (D:4)
  6 orc wizards
  Crazy Yiuf (D:4)
  2 centaur skeletons
  An iguana (D:5)
  A hell rat (D:7)
  2 worker ants (D:6)
  2 killer bee zombies
  A howler monkey zombie (D:5)
  5 adders
  A shadow imp (D:6)
  2 ufetubi
  3 oozes
  An adder zombie (D:6)
  A worm (D:3)
  2 dart slugs
  13 orcs
  6 giant cockroaches
  6 goblins
  5 hobgoblins
  3 jackals (D:4)
  2 quokkas
  4 bats
  5 frilled lizards
  A jackal zombie (D:5)
  3 kobolds
  2 leopard gecko skeletons
  A quokka skeleton (D:4)
  4 rats
117 creatures vanquished.

Vanquished Creatures (collateral kills)
  A death yak (D:7)
  An orc warrior (D:6)
  An orc (D:6)
3 creatures vanquished.

Grand Total: 120 creatures vanquished

Notes
Turn   | Place    | Note
-------+----------+-------------------------------------------
     0 | D:1      | pkoi the Troll Monk began the quest for the Orb.
     0 | D:1      | Reached XP level 1. HP: 22/22 MP: 0/0
   165 | D:1      | Reached XP level 2. HP: 29/29 MP: 1/1
   811 | D:2      | Found a burning altar of Makhleb.
   820 | D:2      | Found a snail-covered altar of Cheibriados.
   851 | D:2      | Reached skill level 4 in Unarmed Combat
   865 | D:2      | Became a worshipper of Makhleb the Destroyer
   865 | D:2      | Reached * piety under Makhleb
   865 | D:2      | Reached ** piety under Makhleb
  1034 | D:2      | Found a shadowy altar of Dithmenos.
  1070 | D:2      | Reached XP level 3. HP: 32/36 MP: 2/2
  1096 | D:2      | Reached skill level 1 in Invocations
  1472 | D:3      | Found a sacrificial altar of Ru.
  1510 | D:3      | Reached XP level 4. HP: 44/44 MP: 4/4
  2164 | D:4      | Noticed Edmund
  2230 | D:4      | Reached skill level 1 in Evocations
  2230 | D:4      | Reached XP level 5. HP: 46/50 MP: 5/5
  2439 | D:4      | Reached skill level 5 in Unarmed Combat
  2466 | D:4      | Reached skill level 1 in Throwing
  2467 | D:4      | Reached *** piety under Makhleb
  2607 | D:4      | Noticed an ogre
  2611 | D:4      | Killed an ogre
  2612 | D:4      | Reached XP level 6. HP: 59/59 MP: 5/7
  2729 | D:4      | Found a runed translucent door.
  2730 | D:4      | Noticed Crazy Yiuf
  2738 | D:4      | Killed Crazy Yiuf
  2804 | D:4      | Killed Edmund
  2974 | D:4      | Reached XP level 7. HP: 66/66 MP: 8/8
  3044 | D:5      | Entered Level 5 of the Dungeon
  3180 | D:5      | Identified the +2 rapier of Axouleul {freeze, rF+ rC++
                  | Dex+6}
  3536 | D:5      | Reached skill level 6 in Unarmed Combat
  3735 | D:6      | Reached XP level 8. HP: 74/74 MP: 10/10
  3828 | D:6      | Noticed Eustachio
  3852 | D:6      | Killed Eustachio
  3883 | D:6      | Found a staircase to the Ecumenical Temple.
  3901 | Temple   | Entered the Ecumenical Temple
  4682 | D:6      | Noticed Grinder
  4699 | D:6      | Killed Grinder
  4700 | D:6      | Reached skill level 7 in Unarmed Combat
  4700 | D:6      | Reached skill level 5 in Invocations
  4834 | D:7      | Reached XP level 9. HP: 65/80 MP: 8/11
  5227 | D:7      | Reached skill level 5 in Throwing
  5545 | D:7      | Found Sejoha's Distillery.
  5549 | D:7      | Bought a potion of mutation for 104 gold pieces
  5549 | D:7      | Bought a potion of curing for 39 gold pieces
  5549 | D:7      | Bought a potion of curing for 39 gold pieces
  5549 | D:7      | Bought a potion of heal wounds for 65 gold pieces
  5549 | D:7      | Bought a potion of heal wounds for 65 gold pieces
  5967 | D:7      | Noticed a cyclops
  6271 | D:8      | Noticed a death yak
  6281 | D:8      | Noticed a death yak
  6283 | D:8      | Noticed a death yak
  6435 | D:7      | Killed a death yak
  6436 | D:7      | Reached skill level 8 in Unarmed Combat
  6436 | D:7      | Reached skill level 5 in Evocations
  6522 | D:7      | Slain by a hell rat

Illustrated notes

Levels and vault maps discovered:
D:1:      lightli_arrival_windingriver, layout_basic, serial_forest,
          infiniplex_forest_zigzag_2, infiniplex_forest_lined_3_way,
          infiniplex_forest_clump_medium, infiniplex_forest_clump_long,
          infiniplex_forest_lined_room_3, infiniplex_forest_lined_2,
          infiniplex_forest_corner_1, infiniplex_forest_straight_2,
          infiniplex_forest_lined_3
D:2:      layout_loops_cross, nicolae_overflow_crystal_walls,
          amethyst_overflow_temple_binary
D:3:      layout_loops_ring, nicolae_ru_awakened_eye
D:4:      layout_loops_ring, uniq_crazy_yiuf_cottage, uniq_edmund
D:5:      layout_basic, st_stairs_11
D:6:      layout_cave_pools, minmay_temple_entry_tees, uniq_eustachio,
          uniq_grinder
D:7:      minmay_chambers_of_sevens, layout_loops_ring, serial_shops, shop
D:8:      layout_cave_pods, kennysheep_mini_moat, dpeg_lair_monsters,
          gammafunk_ghost_stat_death, nrook_pool_corridor
Temple:   compressed_dpeg_circular_temple

Skill      XL: |  1  2  3  4  5  6  7  8  9 |
---------------+----------------------------+-----
Unarmed Combat | 4 5 6 7 8 |  8.2
Invocations    | 1 2 3 4 5 6 |  6.3
Evocations     | 1 2 4 5 |  5.0
Throwing       | 1 2 3 4 5 |  5.7
Fighting       | |  2.4
Dodging        | |  2.4
Stealth        | |  1.0

Action                   |  1- 3 |  4- 6 |  7- 9 || total
-------------------------+-------+-------+-------++-------
Melee: Unarmed           |    75 |   103 |   266 ||   444
       Punch             |     3 |     2 |     9 ||    14
Invok: Lesser Servant of |       |       |     2 ||     2
  Use: Potion            |       |     3 |     7 ||    10
       Scroll            |       |       |    11 ||    11
 Stab: Sleeping          |     3 |     5 |     2 ||    10
       Distracted        |       |       |     2 ||     2
Armor: Robe              |    27 |    27 |    91 ||   145
Dodge: Dodged            |    25 |    49 |   152 ||   226

Table legend: (Time is in decaauts)
 A = Elapsed time spent in this place.
 B = Non-inter-level travel time spent in this place.
 C = Inter-level travel time spent in this place.
 D = Time resting spent in this place.
 E = Time spent auto-exploring this place.
 F = Levels seen in this place.
 G = Mean time per level.
                   A        B        C        D        E       F      G
               +--------+--------+--------+--------+--------+-----+--------+
         Total |   6487 |   6239 |    248 |   1120 |   4026 |   9 |  720.8 |
       Dungeon |   6362 |   6114 |    248 |   1120 |   3940 |   8 |  795.2 |
        Temple |    124 |    124 |      0 |      0 |     86 |   1 |  124.0 |
               +--------+--------+--------+--------+--------+-----+--------+

Top non-repeatable levels by time:
     D:7: 1325 daAuts
     D:6: 1008 daAuts
     D:4: 877 daAuts
     D:1: 780 daAuts
     D:5: 720 daAuts
     D:3: 686 daAuts
     D:2: 684 daAuts
     D:8: 281 daAuts
  Temple: 124 daAuts
